 Dungeon Crawl Stone Soup version 0.17-a0-372-gcac7fed (webtiles) character file.

1803 Leibowitz the Ducker (level 8, -1/66 HPs)
             Began as a Demigod Gladiator on Mar 31, 2015.
             Slain by a killer bee (2 damage)
             ... on level 7 of the Dungeon.
             The game lasted 00:29:46 (7413 turns).

Leibowitz the Ducker (Demigod Gladiator)            Turns: 7413, Time: 00:29:46

Health: -1/66      AC:  5    Str: 18    XL:     8   Next: 53%
Magic:  19/19      EV: 18    Int: 15    God:
Gold:   315        SH:  0    Dex: 23    Spells: 0 memorised, 7 levels left

rFire  . . .     SeeInvis .     G - +1 short sword (venom)
rCold  . . .     Clarity  .     x - +0 leather armour
rNeg   . . .     SustAb   +     (no shield)
rPois  .         Gourm    .     c - +0 helmet
rElec  .         Spirit   .     (no cloak)
rCorr  .         Warding  .     p - +0 pair of gloves
rMut   .         Stasis   .     (no boots)
MR     .....                    (no amulet)
Stlth  ++........               r - ring of magical power
                                C - ring "Teuceu" {Int+3 Dex+3}

@: drained, not resistant to hostile enchantments, unstealthy
A: high mp 1, sustain abilities
a: no special abilities


You were on level 7 of the Dungeon.
You were near starving.

You visited 1 branch of the dungeon, and saw 7 of its levels.

You collected 315 gold pieces.

Inventory:

Hand weapons
 a - a +0 trident
 b - a +0 blowgun
 G - a +1 short sword of venom (weapon)
Missiles
 e - 6 javelins
 o - 2 throwing nets (quivered)
 u - 18 poisoned needles
 D - a needle of paralysis
Armour
 c - a +0 helmet (worn)
 p - a +0 pair of gloves (worn)
 x - a +0 leather armour (worn)
Jewellery
 r - a ring of magical power (right hand)
 y - an uncursed ring of sustain abilities
 C - the ring "Teuceu" (left hand) {Int+3 Dex+3}
   (You found it on level 5 of the Dungeon)

   [ring of intelligence]

   It affects your intelligence (+3).
   It affects your dexterity (+3).
Magical devices
 j - a wand of frost (17)
 v - a wand of slowing (48)
Scrolls
 i - 5 scrolls of remove curse
 l - 2 scrolls of fog
 m - 3 scrolls of teleportation
 n - 2 scrolls of identify
 z - 2 scrolls of recharging
Potions
 k - a potion of restore abilities
Comestibles
 f - 5 bread rations
 g - 8 meat rations
 h - 4 beef jerkies
 s - a slice of pizza


   Skills:
 + Level 3.9(3.1) Fighting
 + Level 1.0(0.4) Short Blades
 * Level 6.1(5.4) Polearms
 + Level 2.0(1.3) Throwing
 + Level 3.0(2.3) Armour
 * Level 7.4(6.7) Dodging
 + Level 1.6(0.9) Stealth
 + Level 0.3(0.0) Evocations


You had 7 spell levels left.
You didn't know any spells.

Dungeon Overview and Level Annotations

Branches:
Dungeon (7/15)             Temple (0/1) D:4

Annotations:
D:7 Dowan


Innate Abilities, Weirdness & Mutations

You have an increased reservoir of magic (+10% MP).
Your attributes are resistant to harm.


Message History

The killer bee moves out of view.
Dowan seems to find hidden reserves of power!
Dowan mumbles some strange words.
Dowan blinks!
The killer bee closely misses you. The killer bee barely misses you.
You see here a killer bee corpse.
You hit the killer bee but do no damage.
The killer bee is poisoned.
The killer bee stings you.
* * * LOW HITPOINT WARNING * * *
The killer bee misses you.
You hit the killer bee.
The killer bee is lightly wounded.
The killer bee stings you but does no damage.
The killer bee stings you.
* * * LOW HITPOINT WARNING * * *
The killer bee completely misses you.
You closely miss the killer bee.
The killer bee is moderately wounded.
Dowan misses you. The killer bee misses you. The killer bee stings you.
You die...

#.# #.# #.
#.#
###.####.#
#..e...<.#
#.#...ยง..#
#.######.#
##.######e#
#...(()y@.#
#..########
#e. #.. #.e
#y. #y. #.e
.


You could see Dowan and a killer bee.

Vanquished Creatures
  Duvessa (D:7)
  A sky beast (D:6)
  An ogre (D:6)
  4 killer bees (D:7)
  A scorpion (D:4)
  3 crimson imps
  A goliath beetle (D:4)
  A giant frog zombie (D:5)
  5 orc wizards
  8 hounds
  2 iguanas (D:4)
  4 jellies
  7 orc priests
  A quasit (D:6)
  A worker ant (D:4)
  10 adders
  A giant mite (D:5)
  5 gnolls
  3 worms
  An adder skeleton (D:5)
  4 giant geckos
  21 orcs
  3 ball pythons
  6 bats
  2 bat skeletons
  A bat zombie (D:5)
  6 giant cockroaches
  17 goblins
  14 hobgoblins
  17 kobolds
  2 quokkas
  A giant gecko skeleton (D:5)
  2 giant newts
  5 jackals
  2 quokka skeletons
  8 rats
172 creatures vanquished.

Vanquished Creatures (others)
  8 fungi (D:6)
8 creatures vanquished.

Grand Total: 180 creatures vanquished

Notes
Turn   | Place    | Note
--------------------------------------------------------------
     0 | D:1      | Leibowitz, the Demigod Gladiator, began the quest for the Orb.
     0 | D:1      | Reached XP level 1. HP: 17/17 MP: 3/3
   450 | D:1      | Reached XP level 2. HP: 21/24 MP: 4/4
   598 | D:1      | Reached skill level 3 in Dodging
  1075 | D:2      | Found a radiant altar of Vehumet.
  1102 | D:2      | Found a stormy altar of Qazlal.
  1134 | D:2      | Reached XP level 3. HP: 21/29 MP: 5/5
  1543 | D:2      | Found a bloodstained altar of Trog.
  1936 | D:3      | Reached XP level 4. HP: 23/36 MP: 6/6
  2122 | D:3      | Found a snail-covered altar of Cheibriados.
  2913 | D:4      | Reached skill level 4 in Polearms
  2913 | D:4      | Reached XP level 5. HP: 34/42 MP: 7/7
  2998 | D:4      | Found a staircase to the Ecumenical Temple.
  3118 | D:4      | Identified Puzxynit's Incunabulum of the Congealing Voyage
  3728 | D:4      | Reached skill level 1 in Armour
  3728 | D:4      | Reached XP level 6. HP: 50/50 MP: 8/8
  3818 | D:4      | HP: 2/50 [something/puff of flame (8)]
  4210 | D:4      | Found an opulent altar of Gozag.
  4241 | D:4      | Reached skill level 1 in Short Blades
  4677 | D:3      | Reached skill level 5 in Dodging
  4914 | D:3      | Reached XP level 7. HP: 51/57 MP: 9/9
  5407 | D:5      | Entered Level 5 of the Dungeon
  5646 | D:5      | Reached skill level 5 in Polearms
  5683 | D:5      | Got a translucent golden ring
  5729 | D:5      | Identified the ring "Teuceu" {Int+3 Dex+3} (You found it on level 5 of the Dungeon)
  6287 | D:6      | Found a burning altar of Makhleb.
  6340 | D:6      | Reached skill level 6 in Dodging
  6486 | D:6      | Reached XP level 8. HP: 59/63 MP: 10/10
  6562 | D:6      | Found a blossoming altar of Fedhas.
  6849 | D:6      | Noticed a slime creature
  6898 | D:6      | Reached skill level 7 in Dodging
  7367 | D:7      | Noticed Duvessa
  7368 | D:7      | Noticed Dowan
  7404 | D:7      | Killed Duvessa
  7404 | D:7      | Reached skill level 1 in Stealth
  7411 | D:7      | HP: 3/66 [killer bee (5)]
  7412 | D:7      | HP: 1/66 [killer bee (3)]
  7413 | D:7      | Slain by a killer bee

Action                   |  1- 3 |  4- 6 |  7- 9 || total
-------------------------+-------+-------+-------++-------
Melee: Trident           |   142 |   158 |   351 ||   651
       Short sword       |       |    73 |    27 ||   100
 Fire: Blowgun           |       |       |    11 ||    11
Throw: Throwing net      |     4 |     4 |     1 ||     9
Evoke: Wand              |       |     1 |       ||     1
  Use: Potion            |       |     3 |     5 ||     8
       Scroll            |       |       |    11 ||    11
 Stab: Sleeping          |     2 |     1 |     1 ||     4
       Held in net/web   |       |     2 |       ||     2
       Paralysed         |       |       |     6 ||     6
  Eat: Chunk             |     3 |    10 |     7 ||    20
